 Dungeon Crawl Stone Soup version 0.25-a0-294-gea9b1ad378 (webtiles) character file.

Game seed: 4954834317683444969, levelgen mode: deterministic

33976 roguesci the Transmogrifier (level 13, -4/124 HPs)
             Began as a Naga Transmuter on Dec 16, 2019.
             Was the Champion of Cheibriados.
             Engulfed by a cloud of freezing vapour (8 damage)
             ... in an ice cave.
             The game lasted 00:57:07 (23727 turns).

roguesci the Transmogrifier (Naga Transmuter)      Turns: 23727, Time: 00:57:08

Health: -4/124     AC:  2    Str: 32    XL:     13   Next: 74%
Magic:  24/24      EV: 47    Int: 26    God:    Cheibriados [******]
Gold:   176        SH:  0    Dex: 32    Spells: 14/27 levels left

rFire    x . .     SeeInvis +     - Unarmed
rCold    + + .     Gourm    .   (shield currently unavailable)
rNeg     + + +     Faith    .   (armour currently unavailable)
rPois    .         Spirit   .   (helmet currently unavailable)
rElec    +         Reflect  .   (cloak currently unavailable)
rCorr    .         Harm     .   (gloves currently unavailable)
MR       ++...     NoTele   +   (no barding)
Stlth    ++........             v - amulet "Vyazosah" {Acrobat -Tele rElec rPois}
HPRegen  0.30/turn              g - ring of Geawner {rC+ rN+++ MR+ Int-3}
MPRegen  0.19/turn              j - ring of ice

@: spider-form, acrobat, very slow
A: tiny, see invisible, slow metabolism 1, spit poison 1, AC +4
a: Spit Poison, End Transformation, Bend Time, Temporal Distortion, Slouch, Step
From Time, Renounce Religion


You were in an ice cave.
You worshipped Cheibriados.
Cheibriados was exalted by your worship.
You were not hungry.
You were a venomous arachnid creature.
You visited 3 branches of the dungeon, and saw 18 of its levels.
You visited 1 bazaar.
You also visited: Ice Cave.

You collected 1056 gold pieces.
You spent 880 gold pieces at shops.

Inventory:

Hand Weapons
 N - the +7 long sword of Edoim (melded) {slice, rF+ MR+}
   (You found it on level 10 of the Dungeon)

   It inflicts extra damage upon your enemies.
   It protects you from fire.
   It affects your resistance to hostile enchantments.
Missiles
 c - 584 stones (quivered)
Armour
 a - a +2 pair of gloves (melded)
 f - a +0 robe of magic resistance
 q - the +0 robe of Pajues (melded) {Int+4}
   (You bought it in a shop on level 13 of the Dungeon)

   It affects your intelligence (+4).
 E - a +2 hat of intelligence (melded)
Jewellery
 g - the ring of Geawner (left front leg) {rC+ rN+++ MR+ Int-3}
   (You bought it in a shop in a bazaar)

   [ring of protection from cold]

   It affects your intelligence (-3).
   It protects you from cold.
   It renders you almost immune to negative energy.
   It affects your resistance to hostile enchantments.
 j - a ring of ice (right front leg)
 o - an uncursed ring of protection from cold
 u - an uncursed ring of resist corrosion
 v - the amulet "Vyazosah" (around neck) {Acrobat -Tele rElec rPois}
   (You found it on level 6 of the Dungeon)

   [amulet of the acrobat]

   It helps you evade while moving and waiting.
   It insulates you from electricity.
   It protects you from poison.
   It prevents most forms of teleportation.
 z - the ring "Lalumi" {*Tele Int+2}
   (You found it on level 7 of the Dungeon)

   [ring of teleportation]

   It may teleport you next to monsters.
   It affects your intelligence (+2).
Wands
 i - a wand of flame (22)
Scrolls
 b - 5 scrolls of blinking
 e - 4 scrolls of enchant armour
 k - 2 scrolls of teleportation
 m - a scroll of magic mapping
 t - 8 scrolls of immolation {unknown}
 w - a scroll of vulnerability {unknown}
 y - 8 scrolls of remove curse
 B - 3 scrolls of enchant weapon {unknown}
 C - a scroll of brand weapon {unknown}
 L - 3 scrolls of identify
 P - 2 scrolls of fear
Potions
 h - 2 potions of agility {unknown}
 l - 4 potions of haste
 n - a potion of ambrosia {unknown}
 p - 2 potions of flight
 r - 2 potions of magic
 s - 3 potions of mutation {unknown}
 F - 3 potions of brilliance {unknown}
 J - 2 potions of lignification {unknown}
 K - a potion of resistance {unknown}
 M - a potion of might
Comestibles
 d - 35 rations


   Skills:
 + Level 10.5 Fighting
 - Level 1.0 Armour
 * Level 7.9 Dodging
 * Level 9.7 Unarmed Combat
 + Level 7.7 Spellcasting
 + Level 10.9 Transmutations
 * Level 5.8 Earth Magic
 - Level 4.0 Poison Magic
 * Level 7.0 Invocations


You had 14 spell levels left.
You knew the following spells:

 Your Spells              Type           Power        Failure   Level  Hunger
a - Passwall              Tmut/Erth      ######..     2%          2    None
b - Spider Form           Tmut/Pois      #####.....   4%          3    None
c - Leda's Liquefaction   Hex/Erth       ####......   36%         4    ##.....
d - Petrify               Tmut/Erth      ######..     8%          4    ##.....

Your spell library contained the following spells:

 Spells                   Type           Power        Failure   Level  Hunger
 Beastly Appendage        Tmut           ######       1%          1    None
 Sticks to Snakes         Tmut           ######..     1%          2    None
 Sandblast                Erth           #####.       3%          1    None
 Blade Hands              Tmut           ######....   8%          5    ####...
 Stone Arrow              Conj/Erth      ####..       16%         3    None
 Confusing Touch          Hex            ##....       17%         1    None
 Corona                   Hex            ##.....      17%         1    None
 Ice Form                 Ice/Tmut       ######..     17%         4    ##.....
 Slow                     Hex            ##......     22%         2    None
 Lee's Rapid Deconstruct  Erth           #####.....   32%         5    ####...
 Confuse                  Hex            ##......     36%         3    None
 Gell's Gravitas          Tloc           ##........   36%         3    None
 Inner Flame              Hex/Fire       ##......     36%         3    None
 Portal Projectile        Hex/Tloc       ##....       36%         3    None
 Yara's Violent Unravell  Hex/Tmut       #####.....   36%         5    ####...
 Cause Fear               Hex            ##........   71%         4    ##.....
 Metabolic Englaciation   Hex/Ice        ###.......   95%         5    ####...
 Silence                  Hex/Air        ##........   95%         5    ####...
 Deflect Missiles         Chrm/Air       ##........   100%        6    ######.
 Discord                  Hex            ##........   100%        8    #######


Dungeon Overview and Level Annotations

Branches:
Dungeon (14/15)            Temple (1/1) D:5            Lair (3/6) D:11
 Shoals (0/4) Lair:2          Orc (0/2) D:12          IceCv (1/1)
  Snake: Lair:2-4    Spider: Lair:2-4    Vaults: D:13-14

Altars:
Ashenzari
Cheibriados
Dithmenos
Elyvilon
Fedhas
Gozag
Hepliaklqana
Kikubaaqudgha
Makhleb
Okawaru
Qazlal
Ru
Uskayaw
Vehumet
Wu Jian
Xom
Yredelemnul
Zin
The Shining One

Shops:
D:6 (   D:10 *   D:12 (=%(   D:13 [

Annotations:
Lair:1 exclusion: 2 oklob plants


Innate Abilities, Weirdness & Mutations

You cannot wear boots.
((Your serpentine skin is tough. (AC +4)))
You have supernaturally acute eyesight. (SInv)
((Armour fits poorly on your strangely shaped body.))
((Your system is resistant to poisons. (rPois)))
((You cover ground very slowly.))
You have a slow metabolism.
You can spit poison.
((You can use your snake-like lower body to constrict enemies.))


Message History

Really crawl into that cloud of freezing vapour?
Okay, then.
You are engulfed in freezing vapours.
You resist.
* * * LOW HITPOINT WARNING * * *
The ice devil completely misses you. x2; The ice devil barely misses you.
The ice devil completely misses you.
You are engulfed in freezing vapours.
You resist.
* * * LOW HITPOINT WARNING * * *
The ice devil completely misses you. The ice devil hits you.
* * * LOW HITPOINT WARNING * * *
The ice devil freezes you. You resist.
* * * LOW HITPOINT WARNING * * *
You are engulfed in freezing vapours.
You resist.
* * * LOW HITPOINT WARNING * * *
The ice devil closely misses you.
You are engulfed in freezing vapours.
You resist.
* * * LOW HITPOINT WARNING * * *
The ice devil completely misses you. x2
You are engulfed in freezing vapours.
You resist.
You die...

#### #... ##..##
.... #§...## §§...
##§§#§§## ○..§.
##☼###§§§# §§§≈.☼
#§☼####4s###☼§°§..
##°§#.[##44#§§§°§#
#§§##..[##§○§°..#
##.§#....##≈☼§○###
#..##....###§§○#
#..#....## #§§§#
#..##.#.## #§.§#
#...###..# #§.°§.
##..##...# #.§#...


You could see 3 ice devils.

Vanquished Creatures
  Kirke (D:12)
  Gastronok (D:8)
  Fannar (Lair:1)
  2 hydras
  A centaur warrior (D:13)
  5 two-headed ogres
  An unseen horror (D:8)
  Pikel (D:9)
  3 manticores
  A cyclops (D:11)
  A centaur zombie (D:10)
  4 ugly things (D:13)
  An elephant (D:11)
  Psyche (D:8)
  2 ice statues (IceCv)
  4 spiny frogs
  3 gargoyles
  A rime drake (Lair:1)
  A komodo dragon (Lair:2)
  2 centaur skeletons
  8 ice devils
  A kobold demonologist (D:12)
  A queen bee (D:9)
  5 trolls
  Prince Ribbit (D:8)
  4 hippogriffs
  A shadow (D:12)
  2 wraiths
  14 yaks
  2 wyverns
  A basilisk (D:11)
  A hungry ghost (D:12)
  4 vampire mosquitoes (D:12)
  5 water moccasins
  3 porcupines
  6 orc warriors
  3 sky beasts
  A slave (D:9)
  2 eyes of draining (D:13)
  An ice beast (D:6)
  3 black bears
  6 ogres
  A necrophage (D:7)
  5 phantoms
  3 centaurs
  4 crocodiles
  A big kobold (D:11)
  14 bullfrogs
  2 gnoll sergeants
  A wyvern skeleton (D:13)
  5 scorpions
  21 killer bees
  15 howler monkeys
  14 wights
  4 crimson imps
  A bullfrog zombie (D:5)
  3 quasits
  6 hounds
  5 orc priests
  2 bullfrog skeletons (D:4)
  A jelly (D:6)
  An iguana (D:7)
  Natasha (thrice) (D:2)
  5 hell rats (Lair:1)
  8 orc wizards
  7 worker ants
  A hound skeleton (D:7)
  22 gnolls
  2 howler monkey skeletons
  12 adders
  8 river rats (Lair:1)
  4 shadow imps
  5 white imps (IceCv)
  6 ufetubi (IceCv)
  An ooze (D:4)
  An adder zombie (D:7)
  5 worms
  A dart slug (D:3)
  2 leopard geckos
  55 orcs
  5 giant cockroaches
  14 goblins
  10 hobgoblins
  7 jackals
  3 quokkas
  2 ball pythons
  5 bats
  2 frilled lizards (D:2)
  A jackal zombie (D:5)
  18 kobolds
  2 quokka skeletons
  9 rats
447 creatures vanquished.

Vanquished Creatures (others)
  3 slaves (D:9)
  2 humans (D:12)
  A bullfrog (D:9)
  A howler monkey (D:9)
  A centaur skeleton (D:9)
  An iguana (D:9)
  4 white imps (IceCv)
  3 ufetubi (IceCv)
  A leopard gecko (D:9)
  A plant (Lair:1)
18 creatures vanquished.

Grand Total: 465 creatures vanquished

Notes
Turn   | Place    | Note
-------+----------+-------------------------------------------
     0 | D:1      | roguesci the Naga Transmuter began the quest for the Orb.
     0 | D:1      | Reached XP level 1. HP: 18/18 MP: 3/3
   256 | D:1      | Reached XP level 2. HP: 17/25 MP: 3/5
   957 | D:2      | Reached XP level 3. HP: 24/31 MP: 4/6
   962 | D:2      | Learned a level 3 spell: Spider Form
  1039 | D:2      | Reached skill level 1 in Armour
  1665 | D:2      | Reached XP level 4. HP: 31/39 MP: 1/7
  2024 | D:2      | Noticed a phantom
  2094 | D:2      | Killed a phantom
  2094 | D:2      | Reached skill level 1 in Poison Magic
  2094 | D:2      | Reached XP level 5. HP: 30/45 MP: 1/8
  2227 | D:2      | Noticed Natasha
  2234 | D:2      | Killed Natasha
  2582 | D:2      | Noticed Natasha
  2593 | D:2      | Killed Natasha
  2760 | D:2      | Noticed Natasha
  2767 | D:2      | Killed Natasha
  2767 | D:2      | Reached XP level 6. HP: 55/55 MP: 5/10
  4083 | D:3      | Reached XP level 7. HP: 49/62 MP: 7/11
  6268 | D:4      | Reached XP level 8. HP: 65/72 MP: 10/13
  6467 | D:5      | Entered Level 5 of the Dungeon
  6506 | D:5      | Found an iron altar of Okawaru.
  6681 | D:5      | Found a staircase to the Ecumenical Temple.
  6691 | Temple   | Entered the Ecumenical Temple
  6750 | Temple   | Became a worshipper of Cheibriados the Contemplative
  6935 | D:5      | Reached skill level 5 in Transmutations
  7610 | D:6      | Found a white marble altar of Elyvilon.
  7618 | D:6      | Reached * piety under Cheibriados
  7618 | D:6      | Reached skill level 5 in Fighting
  7957 | D:6      | Found an iron altar of Okawaru.
  7968 | D:6      | Found Boarouff's Weapon Shoppe.
  7974 | D:6      | Reached XP level 9. HP: 73/81 MP: 11/15
  8134 | D:6      | Got a brightly glowing tin amulet
  8223 | D:6      | Reached skill level 5 in Unarmed Combat
  9208 | D:7      | Reached ** piety under Cheibriados
 10192 | D:7      | Found a burning altar of Makhleb.
 10204 | D:7      | Noticed a manticore
 10219 | D:7      | Killed a manticore
 10792 | D:7      | Reached skill level 5 in Spellcasting
 10799 | D:7      | Reached *** piety under Cheibriados
 10799 | D:7      | Reached XP level 10. HP: 63/94 MP: 15/17
 10992 | D:7      | Got a brightly glowing copper ring
 11346 | D:8      | Noticed Gastronok
 11368 | D:8      | Killed Gastronok
 11740 | D:7      | Identified the amulet "Vyazosah" {Acrobat -Tele rElec
                  | rPois} (You found it on level 6 of the Dungeon)
 11741 | D:7      | Identified the ring "Lalumi" {*Tele Int+2} (You found it on
                  | level 7 of the Dungeon)
 11898 | D:8      | Noticed Prince Ribbit
 11905 | D:8      | Killed Prince Ribbit
 12034 | D:8      | Noticed Psyche
 12040 | D:8      | Killed Psyche
 12040 | D:8      | Reached skill level 5 in Dodging
 12117 | D:8      | Noticed an unseen horror
 12128 | D:8      | Killed an unseen horror
 12357 | D:9      | Noticed Pikel
 12361 | D:9      | Reached XP level 11. HP: 103/104 MP: 15/19
 12372 | D:9      | Killed Pikel
 12637 | D:9      | Noticed a manticore
 12643 | D:9      | Reached **** piety under Cheibriados
 12663 | D:9      | Killed a manticore
 13411 | D:9      | Noticed a two-headed ogre
 13419 | D:9      | Killed a two-headed ogre
 13748 | D:9      | Noticed a two-headed ogre
 13761 | D:9      | Killed a two-headed ogre
 13795 | D:9      | Reached ***** piety under Cheibriados
 14215 | D:10     | Entered Level 10 of the Dungeon
 14484 | D:10     | Reached skill level 1 in Invocations
 14618 | D:10     | Found Def Bid's General Store.
 14621 | D:10     | Bought 2 potions of heal wounds for 160 gold pieces
 14702 | D:10     | Got a transparent long sword
 14703 | D:10     | Identified the +7 long sword of Edoim {slice, rF+ MR+} (You
                  | found it on level 10 of the Dungeon)
 15209 | D:10     | Learned a level 4 spell: Leda's Liquefaction
 15243 | D:10     | Reached skill level 10 in Transmutations
 15386 | D:10     | Reached skill level 1 in Earth Magic
 15479 | D:11     | Reached XP level 12. HP: 100/115 MP: 19/22
 16415 | D:11     | Found a staircase to the Lair.
 16467 | D:11     | Noticed a four-headed hydra
 16486 | D:11     | Killed a four-headed hydra
 16851 | D:11     | Noticed a two-headed ogre
 16858 | D:11     | Killed a two-headed ogre
 17172 | D:12     | Noticed a sun demon
 17326 | D:12     | Found Guth's Antique Weapon Shop.
 17362 | D:12     | Found Lexiuwas's Jewellery Emporium.
 17414 | D:12     | Noticed a two-headed ogre
 17420 | D:12     | Killed a two-headed ogre
 17426 | D:12     | Reached skill level 10 in Fighting
 17671 | D:12     | Identified the +1 chain mail "Wyime" {rPois rC- rN+++
                  | Int-4}
 17673 | D:12     | Found a staircase to the Orcish Mines.
 17682 | D:12     | Found Qamofise's Antique Weapon Emporium.
 17689 | D:12     | Reached ****** piety under Cheibriados
 17725 | D:12     | Found a flickering gateway to a bazaar.
 17730 | Bazaar   | Entered a bazaar
 17730 | Bazaar   | Found Orueqeuts's Jewellery Emporium.
 17730 | Bazaar   | Found Tuanatuc's Antique Armour Shoppe.
 17730 | Bazaar   | Found Konirph's Antique Weapon Shoppe.
 17730 | Bazaar   | Found Lopn's Book Emporium.
 17730 | Bazaar   | Found Fotaenad's Book Emporium.
 17730 | Bazaar   | Found Xeatyg's Magic Scroll Shoppe.
 17785 | Bazaar   | Bought the ring of Geawner {rC+ rN+++ MR+ Int-3} for 366
                  | gold pieces
 17796 | Bazaar   | Bought a scroll of blinking for 97 gold pieces
 17836 | D:12     | Noticed Kirke
 17842 | D:12     | Noticed a sphinx
 17847 | D:12     | Killed Kirke
 17847 | D:12     | Reached skill level 5 in Invocations
 18079 | D:12     | Found Qotext's Food Shop.
 18236 | D:13     | Noticed a seven-headed hydra
 18244 | D:13     | Killed a seven-headed hydra
 18503 | D:13     | Noticed a centaur warrior
 18514 | D:13     | Killed a centaur warrior
 18514 | D:13     | Gained mutation: You can use your snake-like lower body to
                  | constrict enemies. [Naga growth]
 18514 | D:13     | Reached XP level 13. HP: 84/123 MP: 21/24
 18701 | D:13     | Learned a level 2 spell: Passwall
 18706 | D:13     | Learned a level 4 spell: Petrify
 20035 | D:13     | Found Ceomor's Armour Boutique.
 20038 | D:13     | Bought the +0 robe of Pajues {Int+4} for 257 gold pieces
 20239 | D:13     | Reached skill level 5 in Earth Magic
 20733 | Lair:1   | Entered Level 1 of the Lair of Beasts
 21304 | Lair:1   | Noticed Fannar
 21323 | Lair:1   | Killed Fannar
 21873 | Lair:2   | Found a staircase to the Shoals.
 22977 | Lair:3   | Found a frozen archway.
 22991 | IceCv    | Entered an ice cave
 23726 | IceCv    | HP: 4/124 [something (6)]
 23727 | IceCv    | Engulfed by a cloud of freezing vapour

Levels and vault maps discovered:
D:1:      dpeg_arrival_solitude, layout_rooms
D:2:      cheibrodos_greedy_goblins, layout_basic, first_ration, uniq_natasha
D:3:      layout_rooms
D:4:      layout_gridville
D:5:      layout_basic, minmay_temple_entry_drinking_statues,
          okawaru_altar_gauntlet_db
D:6:      layout_basic, lemuel_round_altar, basic_altar, serial_shops, shop
D:7:      minmay_the_grid_triangle_9x9_rhombus_full
          [minmay_the_grid_triangle_9x9_limited_checkers,
          minmay_the_grid_triangle_9x9_odd_lines,
          minmay_the_grid_triangle_9x9_windchime,
          minmay_the_grid_triangle_9x9_shrine,
          minmay_the_grid_triangle_9x9_intruding_spiral,
          minmay_the_grid_triangle_9x9_corruption,
          minmay_the_grid_triangle_9x9_minimal,
          minmay_the_grid_triangle_9x9_prize_top_heavy], layout_basic,
          enter_bailey_2
D:8:      layout_rooms, uniq_prince_ribbit1, uniq_psyche, uniq_gastronok
D:9:      layout_loops_ring, david_nohive_1, lightli_fourway_metalbox,
          uniq_pikel
D:10:     layout_rooms, serial_shops, nicolae_shop_behind_doors,
          hangedman_decor_peaks_small
D:11:     layout_long_grid, david_lair_generic
D:12:     layout_rooms, orc_david_3, serial_shops, bzr_entry_road, shop,
          nicolae_shop_crystal, shop, kennysheep_mini_moat, uniq_kirke
D:13:     layout_long_grid, serial_shops, nicolae_shop_window_shopping
D:14:     layout_roguey, erik_vaults_2, serial_corexii_hall,
          corexii_hall_statues_deadend, corexii_hall_statues_i,
          minmay_crystal_room, lemuel_nasty_fountain
Temple:   compressed_dpeg_triangle_lava_temple
Lair:1:   layout_chaotic_city, kennysheep_abandoned_house,
          minmay_lair_oklob_chamber, uniq_fannar
Lair:2:   layout_regular_city, minmay_shoals_entry_beasts
Lair:3:   layout_cave_shapes, minmay_snake_entry_guardpost_medium,
          gammafunk_ghost_necromancy, portal_ice_cave_demonic_guard, uniq_urug
IceCv:    ice_cave_small_demon

Skill      XL: |  1  2  3  4  5  6  7  8  9 10 11 12 13 |
---------------+----------------------------------------+-----
Armour         | 1 |  1.0
Fighting       | 2 3 4 5 7 8 9 10 | 10.5
Dodging        | 2 3 4 5 6 7 |  7.9
Transmutations | 3 4 5 7 8 10 | 10.9
Poison Magic   | 1 2 3 4 |  4.0
Spellcasting   | 3 4 5 6 7 |  7.7
Unarmed Combat | 4 5 6 7 8 9 |  9.7
Invocations    | 2 5 7 |  7.0
Earth Magic    | 1 4 5 |  5.8

Action                   |  1- 3 |  4- 6 |  7- 9 | 10-12 | 13-15 || total
-------------------------+-------+-------+-------+-------+-------++-------
Melee: Unarmed           |    58 |   151 |   486 |   575 |   129 ||  1399
       Headbutt          |     5 |     3 |       |       |       ||     8
       Punch             |     1 |       |       |     1 |    19 ||    21
       Long sword        |       |       |       |    11 |   120 ||   131
       Constrict         |       |       |       |       |    47 ||    47
Throw: Stone             |     3 |     8 |     6 |     1 |       ||    18
 Cast: Beastly Appendage |     6 |     1 |       |       |       ||     7
       Spider Form       |     3 |    16 |    56 |    67 |    16 ||   158
Invok: Slouch            |       |       |       |     1 |       ||     1
 Abil: Spit Poison       |    11 |     9 |     8 |     6 |       ||    34
       End Transformatio |       |       |     2 |       |       ||     2
Evoke: Wand              |       |       |       |     6 |       ||     6
  Use: Scroll            |       |     7 |     4 |    10 |     3 ||    24
       Potion            |       |       |    10 |     5 |     4 ||    19
 Stab: Sleeping          |       |       |       |     5 |     1 ||     6
       Distracted        |       |       |       |     1 |       ||     1
  Eat: Chunk             |     1 |     7 |    18 |     6 |     5 ||    37
       Ration            |       |     1 |     1 |     2 |     2 ||     6
Armor: Robe              |     6 |    14 |    10 |     5 |    28 ||    63
       Skin              |     1 |     5 |    21 |    12 |     1 ||    40
Dodge: Dodged            |    37 |   138 |   440 |   866 |   323 ||  1804
       Rpst.: Long sword |       |       |       |     9 |    54 ||    63

Table legend:
 A = Non-vault XP
 B = Vault XP
 C = Vault XP percentage of total XP
 D = Non-vault monster count
 E = Vault monster count
 F = Vault count percentage of total count
                 A         B        C        D         E       F
            +---------+---------+-------+---------+---------+-------
      Total |   32403 |   16135 |  33.2 |     340 |     106 |  23.8
            +---------+---------+-------+---------+---------+-------
        D:1 |      21 |       0 |   0.0 |      14 |       0 |   0.0
        D:2 |     258 |      52 |  16.8 |      21 |      10 |  32.3
        D:3 |     341 |       0 |   0.0 |      28 |       0 |   0.0
        D:4 |     684 |       0 |   0.0 |      26 |       0 |   0.0
        D:5 |     253 |       7 |   2.7 |      10 |       6 |  37.5
        D:6 |    1046 |       0 |   0.0 |      32 |       0 |   0.0
        D:7 |    1116 |    1520 |  57.7 |      34 |      11 |  24.4
        D:8 |    1208 |    2677 |  68.9 |      19 |       3 |  13.6
        D:9 |    3495 |    2409 |  40.8 |      25 |      20 |  44.4
       D:10 |    2822 |       0 |   0.0 |      28 |       0 |   0.0
       D:11 |    4953 |     972 |  16.4 |      27 |       4 |  12.9
       D:12 |    4359 |    2311 |  34.6 |      22 |       7 |  24.1
       D:13 |    7498 |       0 |   0.0 |      35 |       0 |   0.0
     Lair:1 |    2522 |    1798 |  41.6 |      11 |      22 |  66.7
     Lair:2 |    1827 |     769 |  29.6 |       8 |       2 |  20.0
     Lair:3 |       0 |     660 | 100.0 |       0 |       2 | 100.0
      IceCv |       0 |    2960 | 100.0 |       0 |      19 | 100.0
            +---------+---------+-------+---------+---------+-------
